 Dungeon Crawl Stone Soup version 0.30.0-20-g3615ddf2f0 (webtiles) character file.

Game seed: 4431688567257768604

6326 qw the Cleaver (level 10, -5/64 HPs)
             Began as a Gargoyle Fighter on May 27, 2023.
             Was a Follower of Okawaru.
             Killed by divine providence
             ... invoked by a meliai
              (13 damage)
             ... on level 10 of the Dungeon.
             The game lasted 00:05:12 (10176 turns).

qw the Cleaver (Gargoyle Fighter)                  Turns: 10176, Time: 00:05:13

Health: -5/64      AC: 36    Str: 24    XL:     10   Next: 95%
Magic:  8/10       EV: 15    Int:  7    God:    Okawaru [*.....]
Gold:   580        SH:  8    Dex: 13    Spells: 9/9 levels left

rFire   . . .        Y - +1 war axe
rCold   . . .        j - +2 buckler
rNeg    + . .        s - +0 plate armour
rPois   inf          (helmet restricted)
rElec   +            h - +1 cloak
rCorr   .            v - +1 pair of gloves
SInv    .            a - +2 pair of boots
Will    .....        (no amulet) Stlth
                     l - +4 ring of protection
HPRegen 0.30/turn    p - +5 ring of evasion
MPRegen 0.12/turn

%: no passive effects
@: about to teleport, heroic
A: sickness immunity, AC +7, negative energy resistance 1, electricity
resistance, torment resistance 1, petrification resistance, horns 1, agile 1
a: Renounce Religion, Heroism


You were on level 10 of the Dungeon.
You worshipped Okawaru.
Okawaru was aware of your devotion.
You visited 2 branches of the dungeon, and saw 12 of its levels.
You also visited: Sewer.

You collected 698 gold pieces.
You spent 118 gold pieces at shops.


Innate Abilities, Weirdness & Mutations

You are immune to sickness and miasma.
Your stone body is resilient. (AC +7)
You are immune to poison.
You resist negative energy. (rN+)
You are resistant to electric shocks. (rElec)
You are resistant to unholy torment.
You are immune to petrification.
You have a pair of small horns on your head.
You are agile. (Dex +4, Str/Int -1)


   Skills:
 + Level 8.1(13.1) Fighting
 - Level 11.0(16.0) Axes
 - Level 1.6(6.6) Throwing
 - Level 8.6(13.6) Armour
 - Level 2.0(7.0) Dodging
 - Level 5.1(10.1) Shields
 + Level 0.7 Invocations


You had 9 spell levels left.
You didn't know any spells.
Your spell library was empty.

Inventory:

Hand Weapons
 g - a +0 flail
 Y - a +1 war axe (weapon)
Armour
 a - a +2 pair of boots (worn)
 h - a +1 cloak (worn)
 j - a +2 buckler (worn)
 s - a +0 plate armour (worn)
 v - a +1 pair of gloves (worn)
Jewellery
 c - a ring of protection from fire
 l - a +4 ring of protection (left hand)
 p - a +5 ring of evasion (right hand)
Wands
 k - a wand of digging (3)
Scrolls
 e - a scroll of identify
 m - 2 scrolls of teleportation
Potions
 b - 3 potions of mutation
 d - 2 potions of might
 f - 5 potions of curing
 i - a potion of heal wounds
 n - a potion of haste
 q - 2 potions of lignification
 r - a potion of degeneration {unknown}
 t - 2 potions of attraction
 u - a potion of berserk rage {unknown}

Dungeon Overview and Level Annotations

Branches:
Dungeon (11/15)            Temple (1/1) D:6             Orc (0/2) D:11
  Sewer (visited)
   Lair: D:8-11

Altars:
Ashenzari
Cheibriados
Dithmenos
Elyvilon
Fedhas
Gozag
Hepliaklqana
Kikubaaqudgha
Makhleb
Nemelex Xobeh
Okawaru
Qazlal
Ru
Sif Muna
Trog
Uskayaw
Vehumet
Wu Jian
Xom
Yredelemnul
Zin
The Shining One

Shops:
D:2 ([


Message History

You hit the meliai.
The meliai is lightly wounded.
You barely miss the meliai. You block the meliai's attack.
The meliai barely misses you. The meliai misses you.
The meliai stings you but does no damage.
You barely miss the meliai.
The meliai is lightly wounded.
You closely miss the meliai. The meliai completely misses you.
The meliai barely misses you.
The meliai calls down the wrath of its god upon you.
Something smites you! The meliai closely misses you.
You block the meliai's attack. The meliai barely misses you. x2
You hit the meliai but do no damage. Your headbutt misses the meliai.
The meliai is lightly wounded.
You hit the meliai. The meliai barely misses you.
You block the meliai's attack. The meliai hits you but does no damage.
The meliai misses you.
You completely miss the meliai. You headbutt the meliai.
The meliai is moderately wounded.
You hit the meliai but do no damage. You block the meliai's attack.
The meliai misses you. x2
The meliai stings you but does no damage.
You hit the meliai.
The meliai is heavily wounded.
You hit the meliai. You block the meliai's attack.
The meliai stings you but does no damage.
The meliai misses you. You block the meliai's attack.
The meliai calls upon its god to heal the meliai.
The meliai is healed somewhat.
The meliai calls upon its god to heal the meliai.
The meliai's wounds heal themselves!
The meliai hits you with a +0 war axe!
The meliai stings you but does no damage.
10176 ||| READING 3 scrolls of teleportation.
As you read the scroll of teleportation, it crumbles to dust.
You feel strangely unstable.
The meliai calls down the wrath of its god upon you.
Something smites you!
You die...

########.##.####
#.......# #.#####.#
########.# #.#
.........# #.#
########.# #.#
#........#####.#
#.######.......#####
#.# #........y@..#
#.# #.#####.#y##.#
#.# #.# #.#y##.# #.#
#.# #.#.##.# #.# #.#
#.#.##.# #.# #[#
##.>.##.# ..# #.#
#....##.# ###
#.####.#.###.# #
#....yy.y....#


You could see 3 meliai.

Vanquished Creatures
  A cyclops (D:11)
  An unseen horror (D:11)
  A troll (D:7)
  A hornet (D:9)
  Prince Ribbit (D:9)
  Sigmund (D:3)
  A wraith (D:10)
  Grum (D:9)
  2 steam dragons (D:9)
  8 vampire mosquitoes (D:10)
  An acid dragon (D:9)
  2 water moccasins (D:7)
  A sky beast (D:7)
  A black bear (D:8)
  4 orc warriors
  2 ice beasts
  An ogre (D:7)
  4 centaurs
  2 wolves (D:9)
  A phantom (D:6)
  2 kobold brigands
  2 bullfrogs
  3 scorpions
  A wight (D:10)
  2 howler monkeys (D:9)
  A crimson imp (D:8)
  A gnoll bouda (D:10)
  A jelly (D:4)
  4 orc priests
  6 hounds
  3 iguanas
  2 sleepcaps
  Ijyb (D:5)
  7 orc wizards
  Robin (D:3)
  3 gnolls (D:10)
  11 adders
  2 river rats
  A shadow imp (D:8)
  A white imp (D:7)
  An ufetubus (D:4)
  A worm (D:2)
  A dart slug (D:3)
  41 orcs
  12 ball pythons
  2 endoplasms
  5 giant cockroaches
  17 goblins
  16 hobgoblins
  10 jackals
  7 bats
  8 frilled lizards
  27 kobolds
  33 rats
273 creatures vanquished.

Vanquished Creatures (others)
  A human (D:3)
1 creature vanquished.

Grand Total: 274 creatures vanquished

Notes
Turn   | Place    | Note
-------+----------+-------------------------------------------
     0 | D:1      | qw the Gargoyle Fighter began the quest for the Orb.
     0 | D:1      | Reached XP level 1. HP: 14/14 MP: 1/1
     0 | D:1      | 0 ||| qw: Version: 0.2-a-99-gce666ed
     0 | D:1      | 0 ||| qw: Game counter: 170
     0 | D:1      | 0 ||| qw: Always use a shield: true
     0 | D:1      | 0 ||| qw: God list: Okawaru
     0 | D:1      | 0 ||| qw: Allow faded altars: false
     0 | D:1      | 0 ||| qw: Do Orc after D:15 true
     0 | D:1      | 0 ||| qw: Do second Lair branch before Depths: true
     0 | D:1      | 0 ||| qw: Lair rune preference: random
     0 | D:1      | 0 ||| qw: Plans: Normal, Zot:1-4, God:TSO, Crypt, Tomb,
                  | Pan, Slime:5, Hells, Abyss, Win
     0 | D:1      | 0 ||| PLANNING D:1-11
    18 | D:1      | 18 ||| Stepping ~*~*~tactically~*~*~ (stealth).
    28 | D:1      | Reached skill level 2 in Axes
   188 | D:1      | Reached XP level 2. HP: 19/19 MP: 2/2
   435 | D:1      | You fall into a shaft and drop 1 floor!
   461 | D:2      | Found an ornate altar of the Wu Jian Council.
   468 | D:2      | Reached skill level 3 in Axes
   508 | D:2      | 508 ||| UPGRADING to +0 chain mail.
   518 | D:2      | 518 ||| DROPPING +0 scale mail.
   519 | D:2      | 519 ||| READING scroll labelled DEFUIPSUEC.
   520 | D:2      | 520 ||| READING scroll labelled PIUWNA ZA COR.
   521 | D:2      | 521 ||| READING scroll labelled KEOLOU LEYTT.
   530 | D:2      | 530 ||| READING scroll labelled JOBLOA UWNI.
   531 | D:2      | 531 ||| READING scroll labelled TEWNAM EQUIDO.
   532 | D:2      | 532 ||| Stepping randomly (stuck).
   586 | D:1      | Reached XP level 3. HP: 20/23 MP: 3/3
  1079 | D:2      | 1079 ||| DROPPING +0 mace of holy wrath.
  1134 | D:2      | Found Dajeet's Antique Weapon Shoppe.
  1144 | D:2      | 1144 ||| Stepping ~*~*~tactically~*~*~ (stealth).
  1183 | D:2      | 1183 ||| BUYING flail (73 gold).
  1183 | D:2      | Bought a flail for 73 gold pieces
  1183 | D:2      | 1183 ||| SHOPLISTING runed morningstar (147 gold, have 35).
  1183 | D:2      | 1183 ||| DROPPING +0 whip.
  1358 | D:2      | Found Fuwastaw's Armour Boutique.
  1361 | D:2      | 1361 ||| BUYING +0 cloak (45 gold).
  1361 | D:2      | Bought a +0 cloak for 45 gold pieces
  1361 | D:2      | 1361 ||| SHOPLISTING +0 pair of boots (45 gold, have 12).
  1361 | D:2      | 1361 ||| SHOPLISTING +1 pair of gloves (115 gold, have 12).
  1361 | D:2      | 1361 ||| SHOPLISTING +1 ring mail of cold resistance (160
                  | gold, have 12).
  1463 | D:2      | 1463 ||| UPGRADING to +0 cloak.
  1468 | D:2      | 1468 ||| UPGRADING to +0 helmet.
  1473 | D:2      | 1473 ||| DRINKING 2 golden potions.
  1473 | D:2      | Gained mutation: You have a pair of small horns on your
                  | head. [potion of mutation]
  1473 | D:2      | Gained mutation: You are agile. (Dex +4, Str/Int -1)
                  | [potion of mutation]
  1474 | D:2      | 1474 ||| DROPPING +0 helmet.
  1475 | D:2      | 1475 ||| READING 2 scrolls of identify.
  1475 | D:2      | 1475 ||| IDENTIFYING orange potion
  1539 | D:3      | Noticed Sigmund
  1562 | D:3      | Killed Sigmund
  1563 | D:3      | Reached skill level 5 in Axes
  1563 | D:3      | Reached XP level 4. HP: 13/28 MP: 4/4
  1563 | D:3      | Reached XP level 5. HP: 14/32 MP: 5/5
  1641 | D:3      | 1641 ||| Stepping ~*~*~tactically~*~*~ (stealth).
  1673 | D:3      | Reached skill level 1 in Dodging
  1673 | D:3      | Reached XP level 6. HP: 26/37 MP: 6/6
  1772 | D:3      | 1772 ||| READING scroll of enchant armour.
  1772 | D:3      | 1772 ||| ENCHANTING +0 cloak.
  1950 | D:3      | 1950 ||| Stepping ~*~*~tactically~*~*~ (stealth).
  1976 | D:3      | Noticed Robin
  1983 | D:3      | 1983 ||| Stepping ~*~*~tactically~*~*~ (hiding).
  1984 | D:3      | 1984 ||| Stepping ~*~*~tactically~*~*~ (hiding).
  1997 | D:3      | Killed Robin
  2002 | D:3      | HP: 7/38 [hobgoblin/+0 spear (8)]
  2003 | D:3      | 2003 ||| DRINKING potion of heal wounds.
  2039 | D:3      | Found a snail-covered altar of Cheibriados.
  2068 | D:3      | Found an ancient bone altar of Kikubaaqudgha.
  2072 | D:3      | Noticed a human
  2074 | D:3      | Killed a human
  2114 | D:3      | Found an ornate altar of the Wu Jian Council.
  2187 | D:3      | 2187 ||| Stepping ~*~*~tactically~*~*~ (hiding).
  2188 | D:3      | 2188 ||| Stepping ~*~*~tactically~*~*~ (hiding).
  2190 | D:3      | 2190 ||| Stepping ~*~*~tactically~*~*~ (hiding).
  2191 | D:3      | 2191 ||| Stepping ~*~*~tactically~*~*~ (hiding).
  2192 | D:3      | 2192 ||| Stepping ~*~*~tactically~*~*~ (hiding).
  2304 | D:3      | 2304 ||| UPGRADING to +0 pair of boots.
  2309 | D:3      | 2309 ||| READING 2 scrolls labelled JEENKY HAYTZOA.
  2310 | D:3      | 2310 ||| READING scroll labelled ZEFUORPHIMM.
  2339 | D:3      | 2339 ||| READING 2 scrolls of identify.
  2339 | D:3      | 2339 ||| IDENTIFYING lumpy red potion
  2340 | D:3      | 2340 ||| DROPPING scroll of vulnerability.
  2387 | D:4      | Reached skill level 6 in Axes
  2460 | D:4      | Reached XP level 7. HP: 38/43 MP: 7/7
  2790 | D:4      | Reached skill level 1 in Throwing
  3045 | D:4      | 3045 ||| UPGRADING to +6 ring of dexterity.
  3046 | D:4      | 3046 ||| UPGRADING to +5 ring of evasion.
  3047 | D:4      | 3047 ||| READING scroll labelled VETAPHAUCIM.
  3048 | D:4      | 3048 ||| READING scroll labelled PIXASO UNATEGG.
  3061 | D:5      | Entered Level 5 of the Dungeon
  3062 | D:5      | 3062 ||| PLANNING SEWER
  3112 | D:5      | Found a glowing drain.
  3113 | D:5      | 3113 ||| READING 2 scrolls of identify.
  3113 | D:5      | 3113 ||| IDENTIFYING sapphire potion
  3114 | D:5      | 3114 ||| DROPPING potion of magic.
  3134 | Sewer    | Entered a sewer
  3145 | Sewer    | 3145 ||| Stepping ~*~*~tactically~*~*~ (stealth).
  3313 | Sewer    | 3313 ||| Stepping ~*~*~tactically~*~*~ (stealth).
  3653 | Sewer    | 3653 ||| DRINKING 2 brown potions.
  3654 | Sewer    | 3654 ||| DRINKING 2 red potions.
  3655 | Sewer    | 3655 ||| READING 2 scrolls of identify.
  3655 | Sewer    | 3655 ||| IDENTIFYING fizzy puce potion
  3656 | Sewer    | 3656 ||| DROPPING potion of brilliance.
  3657 | Sewer    | 3657 ||| DROPPING potion of invisibility.
  3692 | D:5      | 3692 ||| PLANNING D:1-11
  3753 | D:5      | Reached skill level 7 in Axes
  3848 | D:5      | Noticed Ijyb
  3852 | D:5      | 3852 ||| UPGRADING to +4 ring of protection.
  3862 | D:5      | Killed Ijyb
  3978 | D:5      | Reached XP level 8. HP: 29/49 MP: 8/8
  4159 | D:5      | 4159 ||| READING scroll of enchant armour.
  4159 | D:5      | 4159 ||| ENCHANTING +0 pair of boots.
  4296 | D:5      | 4296 ||| DROPPING +6 ring of dexterity.
  4297 | D:5      | 4297 ||| READING scroll labelled YQOPLYCKYU.
  4298 | D:5      | 4298 ||| READING 3 scrolls of identify.
  4298 | D:5      | 4298 ||| IDENTIFYING white potion
  4319 | D:6      | 4319 ||| Stepping ~*~*~tactically~*~*~ (stealth).
  4346 | D:6      | 4346 ||| Stepping ~*~*~tactically~*~*~ (stealth).
  4365 | D:6      | Reached skill level 8 in Axes
  4381 | D:6      | Found a staircase to the Ecumenical Temple.
  4382 | D:6      | 4382 ||| PLANNING TEMPLE
  4387 | D:6      | 4387 ||| FLEEEEING.
  4389 | D:6      | 4389 ||| FLEEEEING.
  4390 | D:6      | 4390 ||| FLEEEEING.
  4391 | D:6      | 4391 ||| FLEEEEING.
  4392 | D:6      | 4392 ||| FLEEEEING.
  4393 | D:6      | 4393 ||| STAIRDANCE
  4520 | D:6      | 4520 ||| FLEEEEING.
  4522 | D:6      | 4522 ||| FLEEEEING.
  4523 | D:6      | 4523 ||| STAIRDANCE
  4527 | D:6      | 4527 ||| STAIRDANCE
  4553 | Temple   | Entered the Ecumenical Temple
  4818 | Temple   | 4818 ||| PLANNING D:1-11
  4904 | D:6      | 4904 ||| READING scroll of enchant armour.
  4904 | D:6      | 4904 ||| ENCHANTING +1 pair of boots.
  5011 | D:6      | Identified the +0 ring mail "Cuckes" {*Corrode Int+7}
  5085 | D:6      | Reached skill level 6 in Fighting
  5417 | D:6      | 5417 ||| DROPPING +0 ring mail "Cuckes" {*Corrode Int+7}.
  5465 | D:7      | Reached XP level 9. HP: 55/55 MP: 9/9
  5471 | D:7      | Noticed a troll
  5479 | D:7      | Killed a troll
  5480 | D:7      | Reached skill level 9 in Axes
  5931 | D:7      | 5931 ||| Stepping ~*~*~tactically~*~*~ (hiding).
  5933 | D:7      | 5933 ||| Stepping ~*~*~tactically~*~*~ (hiding).
  5935 | D:7      | 5935 ||| Stepping ~*~*~tactically~*~*~ (hiding).
  6278 | D:7      | 6278 ||| Stepping ~*~*~tactically~*~*~ (stealth).
  6279 | D:7      | 6279 ||| Stepping ~*~*~tactically~*~*~ (hiding).
  6281 | D:7      | 6281 ||| Stepping ~*~*~tactically~*~*~ (hiding).
  6553 | D:7      | 6553 ||| DROPPING +1 pair of boots.
  6554 | D:7      | 6554 ||| UPGRADING to +0 plate armour.
  6564 | D:7      | 6564 ||| DROPPING +0 chain mail.
  6565 | D:7      | 6565 ||| READING 2 scrolls of identify.
  6565 | D:7      | 6565 ||| IDENTIFYING ruby potion
  6656 | D:8      | 6656 ||| Stepping ~*~*~tactically~*~*~ (hiding).
  6658 | D:8      | 6658 ||| FLEEEEING.
  6661 | D:8      | 6661 ||| FLEEEEING.
  6662 | D:8      | 6662 ||| FLEEEEING.
  6663 | D:8      | 6663 ||| FLEEEEING.
  6664 | D:8      | 6664 ||| FLEEEEING.
  6665 | D:8      | 6665 ||| FLEEEEING.
  6667 | D:8      | 6667 ||| STAIRDANCE
  6769 | D:7      | 6769 ||| UPGRADING to +2 buckler.
  6779 | D:7      | 6779 ||| DROPPING +0 buckler.
  6869 | D:8      | 6869 ||| Stepping ~*~*~tactically~*~*~ (hiding).
  6871 | D:8      | 6871 ||| Stepping ~*~*~tactically~*~*~ (hiding).
  6967 | D:8      | 6967 ||| Stepping ~*~*~tactically~*~*~ (hiding).
  6968 | D:8      | 6968 ||| Stepping ~*~*~tactically~*~*~ (hiding).
  6972 | D:8      | 6972 ||| Stepping ~*~*~tactically~*~*~ (hiding).
  7103 | D:8      | Reached skill level 6 in Armour
  7480 | D:8      | Found a burning altar of Makhleb.
  7799 | D:8      | 7799 ||| DROPPING +0 pair of boots of rampaging.
  7914 | D:9      | Found a shadowy altar of Dithmenos.
  7984 | D:9      | Noticed a hornet
  8014 | D:9      | Killed a hornet
  8015 | D:9      | Reached skill level 10 in Axes
  8015 | D:9      | Reached XP level 10. HP: 46/63 MP: 10/10
  8191 | D:9      | 8191 ||| Stepping ~*~*~tactically~*~*~ (hiding).
  8192 | D:9      | 8192 ||| Stepping ~*~*~tactically~*~*~ (hiding).
  8193 | D:9      | 8193 ||| Stepping ~*~*~tactically~*~*~ (hiding).
  8194 | D:9      | 8194 ||| Stepping ~*~*~tactically~*~*~ (hiding).
  8207 | D:9      | 8207 ||| DRINKING 6 potions of curing.
  8207 | D:9      | 8207 ||| (to cure confusion)
  8293 | D:9      | Noticed Grum
  8317 | D:9      | Killed Grum
  8385 | D:9      | Noticed Prince Ribbit
  8394 | D:9      | Killed Prince Ribbit
  8696 | D:9      | 8696 ||| UPGRADING to +0 pair of gloves.
  8701 | D:9      | 8701 ||| UPGRADING to +1 pair of gloves.
  8711 | D:9      | 8711 ||| DROPPING +0 pair of gloves.
  8712 | D:9      | 8712 ||| READING scroll labelled DOGYNI PUNEDE.
  8725 | D:10     | Entered Level 10 of the Dungeon
  8754 | D:10     | 8754 ||| Stepping ~*~*~tactically~*~*~ (hiding).
  8761 | D:10     | HP: 12/64 [meliai/divine providence (10)]
  8762 | D:10     | 8762 ||| READING 3 scrolls of teleportation.
  8762 | D:10     | HP: 2/64 [meliai/divine providence (10)]
  8763 | D:10     | 8763 ||| DRINKING 3 potions of heal wounds.
  8764 | D:10     | 8764 ||| DRINKING 2 potions of heal wounds.
  8922 | D:10     | 8922 ||| Stepping ~*~*~tactically~*~*~ (stealth).
  8923 | D:10     | 8923 ||| Stepping ~*~*~tactically~*~*~ (stealth).
  8980 | D:10     | Found an iron altar of Okawaru.
  8981 | D:10     | 8981 ||| PLANNING OKAWARU WORSHIP
  9039 | D:10     | Became a worshipper of Warmaster Okawaru
  9039 | D:10     | 9039 ||| PLANNING D:1-11
  9633 | D:10     | Reached skill level 11 in Axes
  9836 | D:11     | 9836 ||| STAIRDANCE
  9943 | D:11     | 9943 ||| Stepping randomly (disturbance).
  9963 | D:11     | Killed an unseen horror
  9963 | D:11     | Reached * piety under Okawaru
 10038 | D:11     | 10038 ||| DROPPING amulet of magic regeneration.
 10074 | D:11     | Found a staircase to the Orcish Mines.
 10075 | D:11     | 10075 ||| Stepping ~*~*~tactically~*~*~ (hiding).
 10082 | D:11     | 10082 ||| INVOKING Heroism.
 10086 | D:11     | Noticed a cyclops
 10094 | D:11     | 10094 ||| Stepping ~*~*~tactically~*~*~ (hiding).
 10096 | D:11     | 10096 ||| Stepping ~*~*~tactically~*~*~ (hiding).
 10108 | D:11     | Killed a cyclops
 10109 | D:11     | 10109 ||| INVOKING Heroism.
 10132 | D:11     | 10132 ||| FLEEEEING.
 10142 | D:11     | 10142 ||| STAIRDANCE
 10167 | D:10     | 10167 ||| Stepping ~*~*~tactically~*~*~ (stealth).
 10168 | D:10     | 10168 ||| INVOKING Heroism.
 10175 | D:10     | HP: 8/64 [meliai/+0 war axe (13)]
 10176 | D:10     | 10176 ||| READING 3 scrolls of teleportation.
 10176 | D:10     | Killed from afar by a meliai

Levels and vault maps discovered:
D:1:      dreamdust_arrival_sigmund_warning, layout_loops_ring,
          minmay_lizard_pond
D:2:      layout_rooms, basic_altar, serial_shops, nicolae_shop_real_fake_doors,
          shop_fountains
D:3:      layout_basic, lemuel_tele_altar, tgw_kikubaaqudgha,
          kennysheep_slug_shrine, solitary_fountain, st_stairs_4, uniq_sigmund,
          uniq_robin
D:4:      layout_cave_pools
D:5:      layout_rooms, portal_sewer_entry_c, kb_lookout_dungeons_type,
          chequers_serial_rivers_large_a, uniq_ijyb
D:6:      layout_basic, minmay_temple_entry_sparse_star
D:7:      layout_basic, hangedman_decor_clover_reticule,
          minmay_gold_behind_fungi
D:8:      nicolae_cairo_tiling, layout_basic, makhleb_grotto_becter
D:9:      layout_irregular_city, mainiacjoe_overflow_24_doors, uniq_grum,
          uniq_prince_ribbit1
D:10:     layout_loops_ring, mainiacjoe_overflow_catwalk,
          kennysheep_generic_room_15
D:11:     layout_gridville, minmay_lair_entry_grove, david_orc_2,
          minmay_rotating_lava
Temple:   compressed_dpeg_triangle_lava_temple

Skill      XL: |  1  2  3  4  5  6  7  8  9 10 |
---------------+-------------------------------+-----
Axes           | 2 3 5 6 7 8 10 11 | 11.0
Dodging        | 1 2 |  2.0
Fighting       | 4 5 6 7 8 |  8.1
Throwing       | 1 |  1.6
Armour         | 4 6 8 |  8.6
Shields        | 4 5 |  5.1
Invocations    | |  0.7

Action                     |  1- 3 |  4- 6 |  7- 9 | 10-12 || total
---------------------------+-------+-------+-------+-------++-------
  Melee: War axe           |   141 |   112 |   344 |   204 ||   801
         Headbutt          |     3 |    14 |    64 |    38 ||   119
  Throw: Boomerang         |       |       |    61 |    28 ||    89
         Javelin           |       |       |    10 |       ||    10
 Invoke: Heroism           |       |       |       |     3 ||     3
    Use: Scroll            |     6 |     4 |     9 |     3 ||    22
         Potion            |     1 |     1 |     2 |     3 ||     7
 Armour: Scale mail        |    28 |       |       |       ||    28
         Chain mail        |    52 |   106 |   141 |       ||   299
         Plate armour      |       |       |    43 |   173 ||   216
  Dodge: Dodged            |    36 |    55 |   232 |   142 ||   465
  Block: Buckler           |    20 |    22 |    88 |    92 ||   222

Table legend:
 A = Non-vault XP
 B = Vault XP
 C = Vault XP percentage of total XP
 D = Non-vault monster count
 E = Vault monster count
 F = Vault count percentage of total count
                 A         B        C        D         E       F
            +---------+---------+-------+---------+---------+-------
      Total |    7215 |    1823 |  20.2 |     185 |      88 |  32.2
            +---------+---------+-------+---------+---------+-------
        D:1 |      30 |       5 |  14.3 |      18 |       5 |  21.7
        D:2 |      40 |       0 |   0.0 |      15 |       0 |   0.0
        D:3 |     212 |     279 |  56.8 |      26 |      16 |  38.1
        D:4 |     218 |       0 |   0.0 |      26 |       0 |   0.0
        D:5 |     372 |     168 |  31.1 |      11 |       9 |  45.0
        D:6 |     835 |       0 |   0.0 |      19 |       0 |   0.0
        D:7 |    1311 |       0 |   0.0 |      22 |       0 |   0.0
        D:8 |     487 |      48 |   9.0 |      13 |       1 |   7.1
        D:9 |    1104 |     680 |  38.1 |      20 |       4 |  16.7
       D:10 |    1633 |     255 |  13.5 |      13 |       2 |  13.3
       D:11 |     973 |     275 |  22.0 |       2 |       6 |  75.0
      Sewer |       0 |     113 | 100.0 |       0 |      45 | 100.0
            +---------+---------+-------+---------+---------+-------
